 Dungeon Crawl Stone Soup version 0.29-a0-25-g7f48f510a0 (webtiles) character file.

Game seed: 11382805483877465022

70 Bosse the Insei (level 4, -6/35 HPs)
             Began as a Draconian Transmuter on Jan 31, 2022.
             Killed from afar by a hobgoblin (14 damage)
             ... with a bolt of acid
             ... on level 3 of the Dungeon.
             The game lasted 00:05:12 (2147 turns).

Bosse the Insei (Draconian Transmuter)              Turns: 2147, Time: 00:05:14

Health: -6/35      AC:  2    Str: 12    XL:     4   Next: 3%
Magic:  3/7        EV: 12    Int: 17    God:
Gold:   96         SH:  0    Dex: 16    Spells: 7/8 levels left

rFire   + . .      SeeInvis .     - Unarmed
rCold   x . .      Faith    .   (no shield)
rNeg    + . .      Spirit   .   (armour unavailable)
rPois   .          Reflect  .   (helmet currently unavailable)
rElec   .          Harm     .   (no cloak)
rCorr   .          Rampage  .   e - +0 pair of gloves
Will    +....                   (boots currently unavailable)
Stlth   +.........              (no amulet)
HPRegen 0.11/turn               f - ring "Mompuocru" {Fire rN+ Will+ Int+4 Dex+2}
MPRegen 0.10/turn               (no ring)

@: appendages, corroded
A: horns 2, talons 2, AC +5, unfitting armour, cold-blooded
a: End Transformation


You were on level 3 of the Dungeon.
You had temporarily grown beastly horns and talons.
You visited 1 branch of the dungeon, and saw 3 of its levels.

You collected 96 gold pieces.

Inventory:

Armour
 e - a +0 pair of gloves (worn)
Jewellery
 f - the ring "Mompuocru" (left hand) {Fire rN+ Will+ Int+4 Dex+2}
   (You found it on level 2 of the Dungeon)

   [ring of fire]

   It enhances your fire magic.
   Int:       It affects your intelligence (+4).
   Dex:       It affects your dexterity (+2).
   rF:        It protects you from fire.
   rC:        It makes you vulnerable to cold.
   rN:        It protects you from negative energy.
   Will:      It increases your willpower.
Scrolls
 b - 3 scrolls of fear {unknown}
 d - a scroll of vulnerability {unknown}
 h - 2 scrolls of teleportation {unknown}
 i - a scroll of magic mapping {unknown}
 k - a scroll of identify {unknown}
Potions
 a - a potion of might {unknown}
 c - a potion of attraction {unknown}
 g - a potion of mutation {unknown}
 j - a potion of flight {unknown}


   Skills:
 + Level 1.1 Fighting
 + Level 2.4 Dodging
 + Level 3.6 Unarmed Combat
 + Level 2.6 Spellcasting
 + Level 2.6 Transmutations


You had 7 spell levels left.
You knew the following spells:

 Your Spells              Type           Power      Damage    Failure   Level
a - Beastly Appendage     Tmut           22%        N/A       6%          1

Your spell library contained the following spells:

 Spells                   Type           Power      Damage    Failure   Level
 Wereblood                Tmut           11%        N/A       10%         2
 Animate Skeleton         Necr           4%         N/A       19%         1
 Pain                     Necr           8%         1d4       19%         1
 Spider Form              Tmut/Pois      6%         N/A       32%         3
 Vampiric Draining        Necr           2%         2d6       50%         3
 Ice Form                 Ice/Tmut       6%         N/A       71%         4


Dungeon Overview and Level Annotations

Branches:
Dungeon (3/15)

Altars:


Innate Abilities, Weirdness & Mutations

You have temporarily grown beastly horns and talons.
Your plain brown scales are hard. (AC +5)
You cannot fit into any form of body armour.
You are cold-blooded and may be slowed by cold attacks.


Message History

You have reached level 4!
You feel agile.
You hit the goblin. Your kick misses the goblin.
The goblin is severely wounded.
The goblin misses you.
You closely miss the goblin.
The goblin is severely wounded.
The goblin barely misses you.
The hobgoblin zaps a wand.
The bolt of acid hits the goblin!!
The acid corrodes the goblin!
The goblin dies!
The bolt of acid hits you. The acid corrodes you!
You closely miss the goblin. Your kick misses the goblin.
The goblin hits you but does no damage.
You closely miss the goblin. You claw the goblin, but do no damage.
You headbutt the goblin, but do no damage.
Your tail-slap misses the goblin.
The goblin hits you with a +0 dagger. The goblin barely misses you.
The goblin unwields a +0 hunting sling.
The goblin wields a +0 dagger of electrocution.
You hear the crackle of electricity.
The goblin misses you.
You barely miss the hobgoblin.
You claw the hobgoblin, but do no damage.
You tail-slap the hobgoblin.
The hobgoblin is moderately wounded.
The goblin hits you but does no damage. The hobgoblin closely misses you.
The goblin misses you.
You barely miss the hobgoblin. Your kick misses the hobgoblin.
Your headbutt misses the hobgoblin.
The hobgoblin is moderately wounded.
The goblin hits you with a +0 dagger of electrocution.
The goblin hits you with a +0 dagger. The hobgoblin completely misses you.
The goblin barely misses you.
You hit the hobgoblin but do no damage.
You claw the hobgoblin, but do no damage.
The hobgoblin is moderately wounded.
The goblin hits you with a +0 dagger of electrocution.
You are electrocuted!
The goblin hits you with a +0 dagger.
* * * LOW HITPOINT WARNING * * *
The hobgoblin zaps a wand.
The bolt of acid hits you!
You die...

#.# #.# #.# #.#
#########.# #.#
..........#########.#
####..............#
##.############.#
########..# #.#
.8.8.8g8..# #.#
......g@..# #.#
:.....gg..# #)#
..........# #.#
..........# #.#
..........#
.8.8.8.8..#
###########


You could see a hobgoblin and 3 goblins.

Vanquished Creatures
  3 adders (D:2)
  2 dart slugs
  8 endoplasms
  3 giant cockroaches (D:2)
  4 goblins
  3 hobgoblins
  3 kobolds (D:2)
  3 quokkas
  A ball python (D:2)
  A bat (D:2)
  A frilled lizard (D:1)
  2 rats
34 creatures vanquished.

Vanquished Creatures (others)
  A goblin (D:3)
1 creature vanquished.

Grand Total: 35 creatures vanquished

Notes
Turn   | Place    | Note
-------+----------+-------------------------------------------
     0 | D:1      | Bosse the Draconian Transmuter began the quest for the Orb.
     0 | D:1      | Reached XP level 1. HP: 16/16 MP: 3/3
   490 | D:1      | Reached XP level 2. HP: 23/23 MP: 3/5
   571 | D:1      | You fall into a shaft and drop 1 floor!
   602 | D:2      | Identified the ring "Mompuocru" {Fire rN+ Will+ Int+4
                  | Dex+2}
   921 | D:2      | Reached XP level 3. HP: 23/28 MP: 4/6
  2141 | D:3      | Reached XP level 4. HP: 35/35 MP: 3/7
  2147 | D:3      | Killed from afar by a hobgoblin

Illustrated notes

Levels and vault maps discovered:
D:1:      dpeg_arrival_concentric_ovals, layout_basic,
          shapermc_ecumenical_altar_acropolis, minmay_tromino_i4
D:2:      layout_rooms, minmay_3d_cube
D:3:      kennysheep_the_goblin_king, layout_loops_ring,
          lemuel_coloured_pillars_altar

Skill      XL: |  1 |
---------------+----+-----
Dodging        | 2 |  2.4
Fighting       | |  1.1
Unarmed Combat | |  3.6
Spellcasting   | |  2.6
Transmutations | |  2.6

Action                   |  1- 3 |  4- 6 || total
-------------------------+-------+-------++-------
Melee: Unarmed           |    88 |     7 ||    95
       Kick              |    23 |     3 ||    26
       Headbutt          |    16 |     1 ||    17
       Tailslap          |     7 |     1 ||     8
       Punch             |     2 |       ||     2
 Cast: Beastly Appendage |    52 |       ||    52
  Use: Scroll            |     1 |       ||     1
Armor: Skin              |    28 |     2 ||    30
Dodge: Dodged            |    71 |     8 ||    79

Table legend: (Time is in decaauts)
 A = Elapsed time spent in this place.
 B = Non-inter-level travel time spent in this place.
 C = Inter-level travel time spent in this place.
 D = Time resting spent in this place.
 E = Time spent auto-exploring this place.
 F = Levels seen in this place.
 G = Mean time per level.
                   A        B        C        D        E       F      G
               +--------+--------+--------+--------+--------+-----+--------+
         Total |   2153 |   2120 |     33 |    197 |   1633 |   3 |  717.7 |
       Dungeon |   2153 |   2120 |     33 |    197 |   1633 |   3 |  717.7 |
               +--------+--------+--------+--------+--------+-----+--------+

Top non-repeatable levels by time:
     D:2: 1373 daAuts
     D:1: 573 daAuts
     D:3: 206 daAuts
